 Dungeon Crawl Stone Soup version 0.25-a0-1079-g858b6a6ff6 (webtiles) character file.

Game seed: 9929733663855351207, levelgen mode: deterministic

241 bmfx the Skirmisher (level 5, -1/42 HPs)
             Began as a Mummy Gladiator on May 15, 2020.
             Killed by divine providence
             ... invoked by an orc priest
              (10 damage)
             ... on level 4 of the Dungeon.
             The game lasted 00:05:57 (3477 turns).

bmfx the Skirmisher (Mummy Gladiator)               Turns: 3477, Time: 00:05:58

Health: -1/42      AC:  5    Str: 18    XL:     5   Next: 80%
Magic:  5/5        EV: 12    Int:  7    God:
Gold:   131        SH:  0    Dex: 14    Spells: 4/4 levels left

rFire    x . .     SeeInvis .   w - +4 hunting sling (flame)
rCold    + . .     Gourm    .   (no shield)
rNeg     + + +     Faith    .   b - +0 leather armour
rPois    ∞         Spirit   .   c - +0 helmet
rElec    .         Reflect  .   (no cloak)
rCorr    .         Harm     .   l - +0 pair of gloves
MR       .....                  (no boots)
Stlth    +.........             (no amulet)
HPRegen  0.14/turn              (no ring)
MPRegen  0.09/turn              (no ring)

@: no status effects
A: no food or potions, fire vulnerability, cold resistance 1, negative energy
resistance 3, torment resistance, unbreathing
a: no special abilities


You were on level 4 of the Dungeon.
You were not hungry.

You visited 1 branch of the dungeon, and saw 4 of its levels.

You collected 131 gold pieces.


Innate Abilities, Weirdness & Mutations

You do not eat or drink.
Your flesh is vulnerable to fire.
You are immune to poison.
Your flesh is cold resistant. (rC+)
You are immune to negative energy. (rN+++)
You are immune to unholy pain and torment.
You can survive without breathing.

Dungeon Overview and Level Annotations

Branches:
Dungeon (4/15)             Temple (0/1) D:4

Altars:
Gozag
Sif Muna
Trog

Annotations:
D:3 2 transporters


   Skills:
 - Level 4.0 Fighting
 - Level 3.1 Polearms
 * Level 2.8(3.1) Slings
 - Level 2.0(2.7) Throwing
 - Level 2.4 Dodging


You had 4 spell levels left.
You didn't know any spells.
Your spell library was empty.

Action                   |  1- 3 |  4- 6 || total
-------------------------+-------+-------++-------
Melee: Trident           |    86 |       ||    86
 Fire: Hunting sling     |    37 |    67 ||   104
Throw: Stone             |    50 |       ||    50
  Use: Scroll            |     2 |     4 ||     6
 Stab: Sleeping          |     1 |       ||     1
Armor: Leather armour    |    28 |     9 ||    37
Dodge: Dodged            |    50 |    26 ||    76

Skill      XL: |  1  2  3  4  5 |
---------------+----------------+-----
Throwing       | 2 |  2.0
Polearms       | 3 |  3.1
Fighting       | 3 4 |  4.0
Slings         | 1 2 |  2.8
Dodging        | |  2.4

Inventory:

Hand Weapons
 a - a +0 trident
 w - a +4 hunting sling of flaming (weapon)
Missiles
 d - 3 throwing nets {!f}
 f - 11 stones (quivered)
 g - 22 poisoned darts
 i - 6 javelins
 k - 17 sling bullets
Armour
 b - a +0 leather armour (worn)
 c - a +0 helmet (worn)
 l - a +0 pair of gloves (worn)
Jewellery
 h - an uncursed ring of wizardry {unknown}
 j - an uncursed amulet of magic regeneration
Scrolls
 m - a scroll of remove curse {@r4}

*,* *,******,* *
******,********,***##*,* *
,,,,,,,,,,,,,,,,,,..#*,* *****
*****,,,*******,**#.#*,* *,,,, *
*,,,,,* *,**#.##,* *,*** *
**,,,** *,,,...,,* *,*** * **,**
****#.#*** *,*,, * *,* #######.#
#.#.# * *,* #(.o@{o(# #.... **+**
#.#####.## #.... **,,,** *,*
##...# #.... **,,,,,** *,*##..#.#
#.... **,,,,,,,***,##.....# #....
**,,,,,,,,,**.#...#.#########....
,+,,,,,,,,,+......(((())(.o(.o...
**,,,,,,,,,##.....(.#########....
**,,,,,,,**####..### ##.#.


You could see an orc priest and an orc wizard (fast).

Vanquished Creatures
  A howler monkey (D:4)
  A hound (D:4)
  An orc priest (D:3)
  4 gnolls (D:4)
  3 adders
  An ooze (D:1)
  A worm (D:2)
  3 dart slugs
  3 leopard geckos
  4 orcs
  2 ball pythons
  5 giant cockroaches
  8 goblins
  2 hobgoblins (D:1)
  9 kobolds
  4 bats
  6 frilled lizards
  11 rats
69 creatures vanquished.

Levels and vault maps discovered:
D:1:      psy_arrival_dodecagon, layout_loops_corners
D:2:      layout_loops_corners, nicolae_overflow_crystal_walls
D:3:      layout_basic, gammafunk_temple_overflow_arena
D:4:      layout_loops_corners, ashenzari_altar_1, temple_pool_b


Message History

The orc wizard hits you but does no damage.
Firing (i - inventory. (/) - cycle)
f - 13 stones (quivered)
Press: ? - help, Shift-Dir - straight line, f/p - orc wizard
Aim: an orc wizard, wielding a +0 dagger and wearing a +0 robe (severely wounded, fast)
You shoot a stone.
The stone hits the orc wizard but does no damage.
The orc wizard is severely wounded.
The orc wizard casts a spell.
The orc wizard blinks!
Firing (i - inventory. (/) - cycle)
f - 12 stones (quivered)
Press: ? - help, Shift-Dir - straight line, f/p - orc wizard
Aim: an orc wizard, wielding a +0 dagger and wearing a +0 robe (severely wounded, fast)
You shoot a stone.
The stone closely misses the orc wizard.
The orc wizard casts a spell at you.
The magic dart hits you but does no damage.
Something barely misses you.
The orc priest invokes the aid of Beogh against you.
Beogh smites you!
You die...

Notes
Turn   | Place    | Note
-------+----------+-------------------------------------------
     0 | D:1      | bmfx the Mummy Gladiator began the quest for the Orb.
     0 | D:1      | Reached XP level 1. HP: 16/16 MP: 1/1
   312 | D:1      | Reached XP level 2. HP: 22/22 MP: 2/2
   984 | D:1      | Reached XP level 3. HP: 28/28 MP: 3/3
  1690 | D:2      | Found a shimmering blue altar of Sif Muna.
  1700 | D:2      | Reached skill level 3 in Fighting
  1916 | D:2      | Reached XP level 4. HP: 30/35 MP: 4/4
  2330 | D:3      | Reached skill level 1 in Slings
  2342 | D:3      | Found a transporter.
  2368 | D:3      | Found a bloodstained altar of Trog.
  2373 | D:3      | Found an opulent altar of Gozag.
  2385 | D:3      | Found a transporter.
  3441 | D:4      | Reached XP level 5. HP: 41/41 MP: 5/5
  3473 | D:4      | Reached skill level 4 in Fighting
  3477 | D:4      | Killed from afar by an orc priest
